AoeStats
← AGS.ZefloneXx44

African Clearing

505285218Analyzed
4v4 RM · 25d ago on Sep 8, 2026· 45m 24s· 8 players
Game mode
Random Map
Map size
Large (8 player)
Population
200
Speed
Normal
Resources
Standard
Victory
Conquest
Starting age
Dark Age
Ending age
Imperial Age
RankedLock teamsTeams togetherTeam positionsShared explorationLock speedFull tech treeHidden civsTurbo modeCheats
Victory
Defeat
🇵🇱 Franks · Poland
1407
+11
🇵🇱 Goths · Poland
1364
+12
🇵🇱 Gurjaras · Poland
1102
+23
🇵🇱 Vietnamese · Poland
1094
+23
🇫🇷 Lithuanians · France
1438
-24
🇫🇷 Japanese · France
1268
-17
🇫🇷 Wei · France
1266
-17
🇫🇷 Berbers · France
1120
-11
GwizdeK
8:16 Loom
14:09 Feudal Age
15:10 Double-Bit Axe
18:20 Castle Age
17:18 Double-Bit Axe
17:48 Horse Collar
19:28 Bow Saw
20:09 Town Watch
21:01 Wheelbarrow
34:55 Imperial Age
34:28 Ballistics
34:00 Fletching
34:37 Pikeman
35:12 Man-at-Arms
35:53 Squires
36:56 Halberdier
38:56 Conscription
41:13 Scale Mail Armor
41:46 Elite Huskarl
42:44 Forging
44:38 Perfusion
kommie
5:27 Loom
19:41 Feudal Age
20:10 Town Watch
20:12 Double-Bit Axe
20:43 Gold Mining
23:46 Castle Age
22:53 Bloodlines
22:51 Stone Mining
22:48 Horse Collar
25:02 Bow Saw
25:20 Treadmill Crane
26:21 Murder Holes
30:57 Ballistics
31:33 Arson
36:43 Fletching
39:43 Masonry
43:45 Husbandry
scamavii
6:09 Loom
13:35 Feudal Age
17:35 Castle Age
18:32 Double-Bit Axe
20:48 Scale Barding Armor
22:55 Forging
23:07 Chain Barding Armor
29:11 Town Watch
32:13 Husbandry
34:42 Forging
34:58 Gold Mining
35:19 Bow Saw
36:31 Wheelbarrow
41:11 Imperial Age
40:54 Iron Casting
40:55 Gold Shaft Mining
41:16 Cavalier
42:32 Plate Barding Armor
42:00 Chivalry
43:04 Padded Archer Armor
42:38 Paladin
Anubis
6:06 Loom
12:35 Feudal Age
20:41 Fletching
25:58 Padded Archer Armor
30:11 Castle Age
30:21 Double-Bit Axe
31:54 Scale Mail Armor
32:05 Forging
34:47 Chain Mail Armor
36:42 Iron Casting
35:31 Elite Skirmisher
37:01 Stone Mining
41:29 Bow Saw
AGS.ZefloneXx44
9:33 Loom
15:45 Feudal Age
19:42 Castle Age
18:17 Double-Bit Axe
18:25 Horse Collar
18:41 Gold Mining
20:42 Bow Saw
26:25 Stone Mining
29:20 Fletching
29:30 Padded Archer Armor
30:18 Bodkin Arrow
31:07 Thumb Ring
31:20 Bloodlines
31:10 Husbandry
33:01 Gold Shaft Mining
33:04 Wheelbarrow
34:33 Ballistics
35:32 Leather Archer Armor
38:14 Imperial Age
37:34 Forging
37:30 Scale Barding Armor
36:49 Light Cavalry
40:26 Chemistry
39:30 Bracer
40:00 Ring Archer Armor
39:00 Elite Genitour
43:00 Conscription
AGS.Shirar
4:18 Loom
13:50 Feudal Age
18:28 Castle Age
17:09 Double-Bit Axe
17:18 Horse Collar
20:56 Bow Saw
21:20 Heavy Plow
23:12 Wheelbarrow
25:23 Scale Barding Armor
26:22 Bloodlines
26:59 Husbandry
27:08 Gold Mining
28:09 Forging
33:08 Chain Barding Armor
33:23 Iron Casting
39:08 Imperial Age
40:17 Heavy Hei Guang Cavalry
42:00 Blast Furnace
44:55 Chemistry
43:47 Fletching
43:58 Padded Archer Armor
Eras Mousse
8:25 Loom
11:44 Feudal Age
11:49 Man-at-Arms
15:58 Fletching
16:39 Double-Bit Axe
17:50 Horse Collar
25:34 Castle Age
24:26 Gold Mining
25:31 Bloodlines
25:40 Scale Barding Armor
30:28 Bow Saw
33:59 Forging
36:36 Chain Barding Armor
37:49 Husbandry
39:06 Iron Casting
40:58 Town Watch
AGS.Pymp K-T
6:06 Loom
17:04 Feudal Age
21:07 Castle Age
23:52 Fletching
31:40 Scale Mail Armor
33:38 Double-Bit Axe
33:34 Horse Collar
37:53 Town Watch
39:28 Chain Mail Armor
41:36 Forging
Connection lost

Rejoining the realm…

Still unreachable

The connection could not be restored.

Session expired

The server has moved on; the page needs a fresh start.